 Dungeon Crawl Stone Soup version 0.23.2-40-g277498a001 (webtiles) character file.

Game seed: 16734754719161391909

58 Descartes the Grasshopper (level 3, -6/16 HPs)
             Began as a Felid Warper on Oct 9, 2019.
             Mangled by a gnoll
             ... wielding a +0 spear
              (8 damage)
             ... on level 2 of the Dungeon.
             The game lasted 00:06:05 (2561 turns).

Descartes the Grasshopper (Felid Warper)            Turns: 2561, Time: 00:06:05

Health: -6/16      AC:  1    Str:  7    XL:     3   Next: 75%
Magic:  3/7        EV: 18    Int: 15    God:
Gold:   67         SH:  0    Dex: 15    Spells: 2/6 levels left
                                        Lives:  0   Deaths: 0

rFire    . . .     SeeInvis +     - Unarmed
rCold    . . .     Gourm    .   (shield unavailable)
rNeg     . . .     Faith    .   (armour unavailable)
rPois    .         Spirit   .   (helmet unavailable)
rElec    .         Reflect  .   (cloak unavailable)
rCorr    .         Harm     .   (gloves unavailable)
MR       .....                  (boots unavailable)
Stlth    ++........             (no amulet)
HPRegen  0.05/turn              (no ring)
MPRegen  0.10/turn              (no ring)

@: lightly drained, quick
A: very small, no armour, no weapons or thrown items, stealth, claws 1, fangs 3,
see invisible, carnivore, speed 1, shaggy fur 1, slow metabolism 1, sharp paws
a: no special abilities


You were on level 2 of the Dungeon.
You were completely stuffed.

You visited 1 branch of the dungeon, and saw 2 of its levels.

You collected 67 gold pieces.

Inventory:

Missiles
 d - 49 stones
Scrolls
 a - 4 scrolls of identify {unknown}
 b - a scroll of blinking
 k - 2 scrolls of teleportation {unknown}
Potions
 e - a potion of degeneration {unknown}
 f - a potion of mutation {unknown}
 g - a potion of curing {unknown}
 h - a potion of haste {unknown}
 i - a potion of berserk rage {unknown}
 j - a potion of cancellation {unknown}
Comestibles
 c - 4 rations
 l - 8 chunks of flesh


   Skills:
 + Level 2.3(2.0) Fighting
 + Level 3.5(3.1) Dodging
 * Level 2.1(1.8) Stealth
 * Level 2.7(2.4) Unarmed Combat
 * Level 2.2(1.9) Spellcasting
 + Level 0.5(0.2) Charms
 * Level 4.6(4.3) Translocations


You had 2 spell levels left.
You knew the following spells:

 Your Spells              Type           Power        Failure   Level  Hunger
a - Blink                 Tloc           N/A          5%          2    ###....
b - Shroud of Golubria    Chrm/Tloc      #.........   13%         2    ###....

Your spell library contained the following spells:

 Spells                   Type           Power        Failure   Level  Hunger
 Gell's Gravitas          Tloc           ##........   11%         3    ####...
 Lesser Beckoning         Tloc           ##........   11%         3    ####...
 Teleport Other           Tloc           ##......     11%         3    ####...
 Passage of Golubria      Tloc           N/A          36%         4    #####..


Dungeon Overview and Level Annotations

Branches:
Dungeon (2/15)

Altars:


Innate Abilities, Weirdness & Mutations

You cannot wear armour.
You are incapable of wielding weapons or throwing items.
Your paws allow you to move quietly. (Stealth)
You have sharp claws.
You have razor-sharp teeth.
You have supernaturally acute eyesight. (SInv)
You are carnivorous and can eat meat at any time.
You cover ground quickly.
You are covered in fur. (AC +1)
You have a slow metabolism.
Your sharp claws are effective at attacking unaware monsters.


Message History

You hear a shout!
The gnoll hits you with a +2 flail of draining!
Ouch! That really hurt!
You feel drained.
Casting: Shroud of Golubria (safe; 13% risk of failure)
Confirm with . or Enter, or press ? or * to list all spells.
You blink.
A gnoll comes into view. It is wielding a +0 spear. x2
The gnoll shouts!
The gnoll misses you.
The gnoll hits you from afar with a +0 spear.
* * * LOW HITPOINT WARNING * * *
The gnoll closely misses you. The gnoll barely misses you.
Casting: Blink (safe; 5% risk of failure)
Confirm with . or Enter, or press ? or * to list all spells.
You blink.
The gnoll misses you. x2
The gnoll hits you from afar with a +0 spear!
Ouch! That really hurt!
You die...

+.....+ ####...>.
#.......### +..(....'.
#####.......##### ##
............+... ...
#>..†.....#.#######.##
+..g...........g......
#.gg.@#####.#######.##
#..g.)# #...........##
#.....# #.#.#.####÷...
#.....# #.#.....>.....
#.....# #.#.#.####....
#....†###+#.#.###...#.
#.....##............#.
########....#.###...#.
#.....#....#.# #...#.


You could see 4 gnolls.

Vanquished Creatures
  2 worms (D:2)
  A dart slug (D:1)
  5 leopard geckos
  5 goblins
  7 hobgoblins
  5 jackals
  A kobold (D:2)
  A quokka (D:2)
  2 ball pythons (D:2)
  5 bats (D:1)
  4 frilled lizards
  5 rats
43 creatures vanquished.

Notes
Turn   | Place    | Note
-------+----------+-------------------------------------------
     0 | D:1      | Descartes the Felid Warper began the quest for the Orb.
     0 | D:1      | Reached XP level 1. HP: 9/9 MP: 4/4
   159 | D:1      | Reached skill level 1 in Stealth
   182 | D:1      | Reached XP level 2. HP: 12/13 MP: 6/6
   190 | D:1      | Learned a level 2 spell: Blink
  1080 | D:1      | Learned a level 2 spell: Shroud of Golubria
  1591 | D:2      | Reached XP level 3. HP: 16/16 MP: 7/7
  2561 | D:2      | Mangled by a gnoll

Skill      XL: |  1  2  3 |
---------------+----------+-----
Stealth        | 1 2 |  2.1
Fighting       | |  2.3
Dodging        | |  3.5
Unarmed Combat | |  2.7
Spellcasting   | |  2.2
Charms         | |  0.5
Translocations | |  4.6

Action                   || total
-------------------------++-------
Melee: Unarmed           ||   149
       Bite              ||    12
       Punch             ||     3
 Cast: Blink             ||     7
       Shroud of Golubri ||    14
 Stab: Sleeping          ||     6
  Eat: Chunk             ||    12
Armor: Skin              ||     5
Dodge: Dodged            ||   116
